 Dungeon Crawl Stone Soup version 0.30-a0-709-gcdc1b43e22 (webtiles) character file.

Game seed: 6021612168318847346

908 Alitron123 the Cudgeller (level 8, -2/50 HPs)
             Began as a Gargoyle Berserker on Jan 22, 2023.
             Was an Elder of Trog.
             Slain by a kobold brigand
             ... wielding a +0 club
              (4 damage)
             ... on level 4 of the Dungeon.
             The game lasted 00:06:11 (3492 turns).

Alitron123 the Cudgeller (Gargoyle Berserker)       Turns: 3492, Time: 00:06:12

Health: -2/50      AC: 16    Str: 22    XL:     8   Next: 8%
Magic:  8/8        EV:  8    Int:  9    God:    Trog [****..]
Gold:   225        SH:  0    Dex:  9    Spells: 7/7 levels left

rFire   . . .      SeeInvis +    a - +0 mace (venom)
rCold   . . .      Faith    .    (no shield)
rNeg    + . .      Spirit   .    s - +0 chain mail
rPois   ∞          Reflect  .    (no helmet)
rElec   +          Harm     .    l - +0 cloak
rCorr   .          Rampage  .    (no gloves)
Will    +....                    (no boots) Stlth
                                 (no amulet)
HPRegen 0.28/turn                h - ring of see invisible
MPRegen 0.11/turn                k - ring of willpower

@: on berserk cooldown, slowed, very slow
A: sickness immunity, AC +5, negative energy resistance 1, electricity
resistance, torment resistance 1, petrification resistance
a: Renounce Religion, Berserk, Trog's Hand, Brothers in Arms


You were on level 4 of the Dungeon.
You worshipped Trog.
Trog was greatly pleased with you.
You visited 1 branch of the dungeon, and saw 4 of its levels.
You also visited: Sewer.

You collected 225 gold pieces.

Inventory:

Hand Weapons
 a - a +0 mace of venom (weapon)
Armour
 l - a +0 cloak (worn)
 s - a +0 chain mail (worn)
Jewellery
 h - a ring of see invisible (left hand)
 k - a ring of willpower (right hand)
 u - a +6 ring of intelligence
Scrolls
 b - a scroll of blinking {unknown}
 g - 4 scrolls of vulnerability
 j - 5 scrolls of fog
 o - a scroll of teleportation
 p - a scroll of amnesia
 w - a scroll of fear {unknown}
 x - a scroll of identify
Potions
 c - a potion of flight {unknown}
 d - 2 potions of berserk rage
 e - 2 potions of lignification {unknown}
 f - a potion of attraction {unknown}
 i - 2 potions of magic {unknown}
 m - a potion of experience {unknown}
 n - 2 potions of haste {unknown}
 q - 2 potions of invisibility {unknown}
 r - 2 potions of mutation {unknown}
 t - a potion of resistance {unknown}
 v - a potion of heal wounds {unknown}


   Skills:
 + Level 5.4 Fighting
 + Level 7.1 Maces & Flails
 + Level 3.8 Armour
 + Level 3.1 Dodging
 + Level 1.5 Stealth


You had 7 spell levels left.
You didn't know any spells.
Your spell library was empty.

Dungeon Overview and Level Annotations

Branches:
Dungeon (4/15)              Sewer (visited)
 Temple: D:4-7

Altars:
Gozag
Uskayaw


Innate Abilities, Weirdness & Mutations

You are immune to sickness and miasma.
Your stone body is resilient. (AC +5)
You are immune to poison.
You resist negative energy. (rN+)
You are resistant to electric shocks. (rElec)
You are resistant to unholy torment.
You are immune to petrification.


Message History

The kobold brigand hits you with a +0 club.
* * * LOW HITPOINT WARNING * * *
The hobgoblin hits you.
* * * LOW HITPOINT WARNING * * *
You see here a dart slug corpse.
You sock the hobgoblin!
You kill the hobgoblin!
Trog accepts your kill.
The kobold brigand hits you with a +0 club.
* * * LOW HITPOINT WARNING * * *
The kobold brigand hits you but does no damage.
The kobold brigand barely misses you.
You see here a hobgoblin corpse.
You completely miss the kobold brigand.
The kobold brigand hits you but does no damage.
The kobold brigand closely misses you.
You closely miss the kobold brigand.
The kobold brigand hits you with a +0 club.
* * * LOW HITPOINT WARNING * * *
You closely miss the kobold brigand.
The kobold brigand completely misses you.
The kobold brigand closely misses you.
You hit the kobold brigand.
The kobold brigand is poisoned.
The kobold brigand is lightly wounded.
The kobold brigand hits you with a +0 club.
* * * LOW HITPOINT WARNING * * *
You miss the kobold brigand.
The kobold brigand is lightly wounded.
The kobold brigand barely misses you.
The kobold brigand hits you but does no damage.
You hit the kobold brigand but do no damage.
The kobold brigand is lightly wounded.
The kobold brigand hits you but does no damage.
You barely miss the kobold brigand.
The kobold brigand is lightly wounded.
The kobold brigand hits you but does no damage. x2
You hit the kobold brigand.
The kobold brigand is moderately wounded.
The kobold brigand hits you with a +0 club.
You die...

#)#######
#.......# ##
#.......#
#.......#
#.#####.#
#.......#######
#.......#
###....|.......
#########
###............
####..............
#....######.......
####†#### #.......
#...@K..# #.......
#.......# #.......
###'''###
##...#.##
##...$.##
#....#..#
#..._$..#
#....))..
#8..8.$8#
#.#<..#..
#∩...$$.#
#.#...)..
##∩8∩8.##
#.#.#...# #######
#.#......


You could see a kobold brigand (poisoned).

Vanquished Creatures
  The ghost of Opifex the Cudgeller, a novice TrFi (D:4)
  A sky beast (D:4)
  A kobold brigand (Sewer)
  A hound (D:4)
  An orc priest (D:3)
  3 orc wizards
  9 adders
  3 river rats (Sewer)
  A worm (D:3)
  3 dart slugs
  16 orcs
  14 ball pythons
  5 bats
  6 endoplasms
  6 giant cockroaches
  14 goblins
  10 hobgoblins
  6 jackals
  A quokka (D:1)
  8 frilled lizards
  24 kobolds
  21 rats
155 creatures vanquished.

Vanquished Creatures (others)
  15 fungi (D:4)
15 creatures vanquished.

Grand Total: 170 creatures vanquished

Notes
Turn   | Place    | Note
-------+----------+-------------------------------------------
     0 | D:1      | Alitron123 the Gargoyle Berserker began the quest for the
                  | Orb.
     0 | D:1      | Reached XP level 1. HP: 14/14 MP: 1/1
    30 | D:1      | Reached XP level 2. HP: 16/19 MP: 2/2
   565 | D:1      | Reached XP level 3. HP: 23/23 MP: 3/3
   913 | D:2      | Reached ** piety under Trog
  1201 | D:2      | Reached skill level 4 in Maces & Flails
  1233 | D:2      | Reached XP level 4. HP: 29/29 MP: 4/4
  1325 | D:3      | Found a hide-covered altar of Uskayaw.
  1360 | D:3      | Found a glowing drain.
  1391 | Sewer    | Entered a sewer
  1534 | Sewer    | Reached XP level 5. HP: 33/33 MP: 5/5
  1538 | Sewer    | Reached skill level 1 in Stealth
  1571 | Sewer    | Reached *** piety under Trog
  1653 | Sewer    | Noticed a kobold brigand
  1663 | Sewer    | Killed a kobold brigand
  1664 | Sewer    | Reached skill level 5 in Maces & Flails
  1664 | Sewer    | Reached XP level 6. HP: 38/38 MP: 6/6
  2191 | D:3      | Reached **** piety under Trog
  2783 | D:4      | Found a runed translucent gate.
  2783 | D:4      | Found a runed translucent gate.
  2783 | D:4      | Found an opulent altar of Gozag.
  2784 | D:4      | Found a runed translucent gate.
  2785 | D:4      | Noticed Opifex's ghost (novice TrFi)
  2888 | D:4      | Reached XP level 7. HP: 44/44 MP: 7/7
  2982 | D:4      | Reached skill level 5 in Fighting
  3360 | D:4      | Reached skill level 6 in Maces & Flails
  3361 | D:4      | Identified the +1 ring mail "Zomeinn" {Int+3}
  3480 | D:4      | Killed Opifex's ghost
  3481 | D:4      | Reached skill level 7 in Maces & Flails
  3481 | D:4      | Reached XP level 8. HP: 24/50 MP: 8/8
  3488 | D:4      | HP: 1/50 [kobold brigand/+0 club (3)]
  3492 | D:4      | Slain by a kobold brigand

Illustrated notes

Levels and vault maps discovered:
D:1:      dpeg_arrival_boxorama, layout_loops_ring, grunt_decor_mini_mirrors,
          minmay_pentomino_z2
D:2:      layout_basic
D:3:      layout_loops_ring, amcnicky_altar_gilded,
          cheibrodos_sewer_entry_sluice, hex_medium, minmay_misc_feat_roman
D:4:      kennysheep_the_goblin_king, layout_basic, serial_aquarium,
          aquarium_bridge_straight [aquarium_subvault_bridge,
          aquarium_subvault_window, aquarium_subvault_bridge,
          aquarium_subvault_wall], aquarium_bridge_straight
          [aquarium_subvault_bridge, aquarium_subvault_window,
          aquarium_subvault_bridge, aquarium_subvault_balcony],
          aquarium_window_1, aquarium_window_fake, aquarium_view_2g,
          aquarium_view_2f, aquarium_balcony_5a, aquarium_pool_double,
          ebering_ghost_gozag, eino_tiny_chamber, minmay_small_thing

Skill      XL: |  1  2  3  4  5  6  7 |
---------------+----------------------+-----
Dodging        | 2 3 |  3.1
Maces & Flails | 4 5 7 |  7.1
Stealth        | 1 |  1.5
Fighting       | 4 5 |  5.4
Armour         | 3 |  3.8

Action                     |  1- 3 |  4- 6 |  7- 9 || total
---------------------------+-------+-------+-------++-------
  Melee: Mace              |   128 |   253 |    63 ||   444
         Punch             |     2 |     2 |       ||     4
 Invoke: Berserk           |     1 |     5 |     1 ||     7
    Use: Scroll            |     3 |     6 |       ||     9
   Stab: Sleeping          |     2 |       |       ||     2
 Armour: Animal skin       |    63 |    71 |       ||   134
         Chain mail        |       |    89 |    42 ||   131
  Dodge: Dodged            |    86 |   185 |    20 ||   291

Table legend: (Time is in decaauts)
 A = Elapsed time spent in this place.
 B = Non-inter-level travel time spent in this place.
 C = Inter-level travel time spent in this place.
 D = Time resting spent in this place.
 E = Time spent auto-exploring this place.
 F = Levels seen in this place.
 G = Mean time per level.
                   A        B        C        D        E       F      G
               +--------+--------+--------+--------+--------+-----+--------+
         Total |   3600 |   3525 |     75 |      0 |   2528 |   5 |  720.0 |
       Dungeon |   2899 |   2824 |     75 |      0 |   2149 |   4 |  724.8 |
         Sewer |    701 |    701 |      0 |      0 |    378 |   1 |  701.0 |
               +--------+--------+--------+--------+--------+-----+--------+

Top non-repeatable levels by time:
     D:1: 885 daAuts
     D:3: 806 daAuts
     D:4: 752 daAuts
   Sewer: 701 daAuts
     D:2: 454 daAuts
